 Dungeon Crawl Stone Soup version 0.20-a0-942-ga5226df (webtiles) character file.

286 Njoerkh the Insei (level 6, -7/30 HPs)
             Began as a Vine Stalker Transmuter on Apr 1, 2017.
             Blown up by Pikel (9 damage)
             ... with a wand of disintegration (?/24)
             ... on level 4 of the Dungeon.
             The game lasted 00:38:13 (3250 turns).

Njoerkh the Insei (Vine Stalker Transmuter)         Turns: 3250, Time: 00:38:14

Health: -7/30      AC:  2    Str: 13    XL:     6   Next: 30%
Magic:  0/10       EV: 19    Int: 15    God:
Gold:   249        SH:  5    Dex: 19    Spells: 3/9 levels left

rFire    . . .     SeeInvis .     - Unarmed
rCold    . . .     Gourm    .   (shield currently unavailable)
rNeg     . . .     Faith    .   (armour currently unavailable)
rPois    x         Spirit   +   (helmet currently unavailable)
rElec    .         Reflect  +   (cloak currently unavailable)
rCorr    .         Harm     .   (gloves currently unavailable)
MR       .....                  (boots currently unavailable)
Stlth    ++........             m - +5 amulet of reflection
Regen    0.5/turn               (no ring)
MPRegen  0.2/turn               (no ring)

@: spider-form
A: (fangs 0), regeneration 1, magic shield, (antimagic bite), no potion heal 3,
rot immunity
a: End Transformation


You were on level 4 of the Dungeon.
You were hungry.
You were a venomous arachnid creature.
You visited 1 branch of the dungeon, and saw 5 of its levels.

You collected 249 gold pieces.

Inventory:

Missiles
 a - 72 arrows
 f - 135 stones (quivered)
 i - 26 poisoned needles
Armour
 b - a +1 robe (melded)
 l - a +2 pair of gloves
Jewellery
 m - a +5 amulet of reflection (around neck)
Wands
 h - a wand of flame (23/48)
 n - a wand of flame (18/48)
Scrolls
 e - a scroll of magic mapping
 g - a scroll of remove curse
 o - a scroll of identify
Potions
 q - 2 potions of curing
Books
 c - a book of Changes

   Spells                             Type                      Level
   a - Beastly Appendage              Transmutation                1
   b - Sticks to Snakes               Transmutation                2
   c - Spider Form                    Transmutation/Poison         3
   d - Ice Form                       Ice/Transmutation            4
   e - Blade Hands                    Transmutation                5
Comestibles
 d - 2 bread rations
 j - 3 fruits
 k - 2 meat rations
 t - a royal jelly


   Skills:
 - Level 1.1 Fighting
 - Level 1.5 Dodging
 + Level 4.5 Unarmed Combat
 - Level 2.1 Spellcasting
 - Level 4.3 Transmutations
 - Level 2.7 Poison Magic


You had 3 spell levels left.
You knew the following spells:

 Your Spells              Type           Power        Failure   Level  Hunger
a - Beastly Appendage     Tmut           ##....       14%         1    #......
b - Sticks to Snakes      Tmut           ##......     21%         2    ###....
c - Spider Form           Tmut/Pois      ##........   36%         3    ###....


Dungeon Overview and Level Annotations

Branches:
Dungeon (5/15)
 Temple: D:4-7

Altars:

Annotations:
D:4 Pikel


Innate Abilities, Weirdness & Mutations

((You have extremely sharp teeth.))
Your natural rate of healing is unusually fast.
When hurt, damage is shared between your health and your magic reserves.
((Your bite disrupts and absorbs the magic of your enemies.))
Potions cannot restore your health.
You are immune to rotting.


Message History

Pikel completely misses you.
Pikel zaps a wand.
You are blasted!
There is a stone staircase leading down here.
Your transformation has ended.
Your +1 robe unmelds from your body.
Pikel zaps a wand.
You struggle to resist.
Okay, then.
Pikel hits you with a whip of freezing. Pikel freezes you.
Okay, then.
Casting: Spider Form
Confirm with . or Enter, or press ? or * to list all spells.
You turn into a venomous arachnid creature.
Your +1 robe melds into your body.
You are feeling hungry.
Pikel zaps a wand.
You struggle to resist.
Pikel hits you with a whip of freezing!
* * * LOW HITPOINT WARNING * * *
Pikel freezes you.
* * * LOW HITPOINT WARNING * * *
Pikel zaps a wand.
You are blasted!
You die...

#.##.#.## ######## ####
#.##.#..###......# ...
#.##.....##...#..# ..#
######.####........##.# ..#
####.......###.####...# ### ..#
#......................##..
..##.##.##.##.##.##>.........#...
.<.........##.##.##p.........#...
..#####.##......s##.#####...###..
#.# #.##.##.#..##.# #...# #.. #.#
#........#.Kp.# #...# #.. ..#
####.####..#### #...# #.. #.# #.
#..# ######...##### #.# #.#
#..###............. ..#
#.###..................
#....####............. #.####
##.###...#####


You could see Pikel.

Vanquished Creatures
  A sky beast (D:3)
  A slave (D:4)
  Terence (D:2)
  An iguana (D:4)
  4 gnolls (D:2)
  3 adders
  2 worms
  5 dart slugs
  3 leopard geckos
  An orc (D:3)
  2 giant cockroaches
  8 goblins
  10 hobgoblins
  9 kobolds
  3 quokkas
  5 bats
  4 frilled lizards
  A jackal skeleton (D:4)
  6 rats
70 creatures vanquished.

Notes
Turn   | Place    | Note
-------+----------+-------------------------------------------
     0 | D:1      | Njoerkh the Vine Stalker Transmuter began the quest for the Orb.
     0 | D:1      | Reached XP level 1. HP: 9/9 MP: 4/4
   177 | D:1      | Reached skill level 1 in Fighting
   200 | D:1      | Reached XP level 2. HP: 12/14 MP: 3/6
   242 | D:1      | Learned a level 2 spell: Sticks to Snakes
   723 | D:1      | Reached XP level 3. HP: 18/18 MP: 7/7
  1365 | D:2      | Gained mutation: Your natural rate of healing is unusually fast. [Vine Stalker growth]
  1365 | D:2      | Reached XP level 4. HP: 3/22 MP: 2/8
  1415 | D:2      | Learned a level 3 spell: Spider Form
  1455 | D:2      | Reached skill level 1 in Poison Magic
  1689 | D:2      | Noticed Terence
  1823 | D:2      | Killed Terence
  1823 | D:2      | Reached XP level 5. HP: 25/25 MP: 4/9
  2361 | D:3      | Noticed a sky beast
  2385 | D:3      | Killed a sky beast
  2385 | D:3      | Reached XP level 6. HP: 11/30 MP: 2/10
  3021 | D:5      | Entered Level 5 of the Dungeon
  3215 | D:4      | Noticed Pikel
  3215 | D:4      | Noticed a slave
  3215 | D:4      | Noticed a slave
  3230 | D:4      | Killed a slave
  3250 | D:4      | Blown up by Pikel

Vault maps used:
D:1:      dpeg_arrival_rooms_c
D:2:      first_bread, uniq_terence
D:4:      serial_shops, nicolae_shop_trees, minivault_19,
          eino_small_chamber_without_monster, uniq_edmund, uniq_purgy,
          uniq_pikel
D:5:      old_standard_altar, nicolae_ashenzari_panopticon,
          minmay_temple_entry_butterflies

Skill      XL: |  1  2  3  4  5 |
---------------+----------------+-----
Fighting       | 1 |  1.1
Unarmed Combat | 4 |  4.5
Transmutations | 3 4 |  4.3
Poison Magic   | 1 2 |  2.7
Dodging        | |  1.5
Spellcasting   | |  2.1

Action                   |  1- 3 |  4- 6 || total
-------------------------+-------+-------++-------
Melee: Unarmed           |    86 |   127 ||   213
       Bite              |    14 |    18 ||    32
       Kick              |    11 |     5 ||    16
       Headbutt          |     3 |     7 ||    10
       Punch             |     1 |     2 ||     3
Throw: Stone             |    18 |     7 ||    25
 Cast: Beastly Appendage |    19 |    16 ||    35
       Spider Form       |       |     8 ||     8
       Sticks to Snakes  |       |     1 ||     1
 Abil: End Transformatio |       |     3 ||     3
  Use: Scroll            |       |     9 ||     9
       Potion            |       |     5 ||     5
 Stab: Sleeping          |     1 |     3 ||     4
  Eat: Chunk             |     2 |     6 ||     8
       Fruit             |       |     1 ||     1
Armor: Robe              |    12 |     6 ||    18
       Skin              |       |     1 ||     1
Dodge: Dodged            |    46 |    75 ||   121
Block: Other             |       |     2 ||     2
